 Dungeon Crawl Stone Soup version 0.26.1-11-gd32895ea62 (webtiles) character file.

Game seed: 16559568109176948396

2 Mattiprrivan the Shooter (level 1, -1/12 HPs)
             Began as a Gargoyle Wanderer on May 12, 2021.
             Slain by a hobgoblin
             ... wielding a +0 club
              (4 damage)
             ... on level 1 of the Dungeon.
             The game lasted 00:03:01 (141 turns).

Mattiprrivan the Shooter (Gargoyle Wanderer)         Turns: 141, Time: 00:03:03

Health: -1/12      AC:  5    Str: 17    XL:     1   Next: 30%
Magic:  1/2        EV: 11    Int: 11    God:
Gold:   0          SH:  0    Dex:  8    Spells: 1/2 levels left

rFire    . . .     SeeInvis .   a - +0 shortbow
rCold    . . .     Faith    .   (shield currently unavailable)
rNeg     + . .     Spirit   .   e - +0 robe
rPois    ∞         Reflect  .   (no helmet)
rElec    +         Harm     .   (no cloak)
rCorr    .         Rampage  .   d - +0 pair of gloves
Will     .....                  (no boots)
Stlth    +.........             (no amulet)
HPRegen  0.04/turn              (no ring)
MPRegen  0.08/turn              (no ring)

@: no status effects
A: negative energy resistance 1, electricity resistance, unbreathing,
petrification resistance, miasma immunity, AC +2
a: no special abilities


You were on level 1 of the Dungeon.
You visited 1 branch of the dungeon, and saw 1 of its levels.

Inventory:

Hand Weapons
 a - a +0 shortbow (weapon)
 b - a +0 hand axe
Missiles
 c - 13 arrows (quivered ammo)
Armour
 d - a +0 pair of gloves (worn)
 e - a +0 robe (worn)


   Skills:
 * Level 2.2 Fighting
 * Level 3.0 Bows
 * Level 1.2 Stealth
 * Level 1.0 Spellcasting
 * Level 1.0 Summonings
 * Level 1.2 Earth Magic
 * Level 1.0 Evocations


You had one spell level left.
You knew the following spells:

 Your Spells              Type           Power        Failure   Level
a - Summon Small Mammal   Summ           8%           22%         1

Your spell library contained the following spells:

 Spells                   Type           Power        Failure   Level
 Sandblast                Erth           6%           21%         1
 Passwall                 Tmut/Erth      0%           36%         2
 Call Canine Familiar     Summ           2%           54%         3
 Stone Arrow              Conj/Erth      2%           58%         3
 Petrify                  Tmut/Erth      1%           94%         4
 Lee's Rapid Deconstruct  Erth           1%           99%         5


Dungeon Overview and Level Annotations

Branches:
Dungeon (1/15)

Altars:


Innate Abilities, Weirdness & Mutations

You are resistant to torment.
Your stone body is resilient. (AC +2)
You are immune to poison.
You resist negative energy. (rN+)
You are resistant to electric shocks. (rElec)
You can survive without breathing.
You are immune to petrification.
You are immune to miasma.


Message History

Aim: a hobgoblin, wielding a +0 club (severely wounded, 56% to hit)
You shoot an arrow. The arrow barely misses the hobgoblin.
The hobgoblin misses you.
Fire: 16 arrows
Press: ? - help, Q - select action, (/) - cycle Shift-Dir - straight line, f/p - hobgoblin
Aim: a hobgoblin, wielding a +0 club (severely wounded, 56% to hit)
You shoot an arrow. The arrow closely misses the hobgoblin.
The hobgoblin hits you with a +0 club.
* * * LOW HITPOINT WARNING * * *
Fire: 15 arrows
Press: ? - help, Q - select action, (/) - cycle Shift-Dir - straight line, f/p - hobgoblin
Aim: a hobgoblin, wielding a +0 club (severely wounded, 56% to hit)
You shoot an arrow. The arrow barely misses the hobgoblin.
The hobgoblin closely misses you.
Fire: 14 arrows
Press: ? - help, Q - select action, (/) - cycle Shift-Dir - straight line, f/p - hobgoblin
Aim: a hobgoblin, wielding a +0 club (severely wounded, 56% to hit)
You shoot an arrow. The arrow closely misses the hobgoblin.
The hobgoblin hits you with a +0 club.
You die...

.> #. #.
#g#######
#.#..#..#
#(#.....#
#(##....#
#((g@...#
#####...#
#...###
#.....#
#.#.#.###
#.#.#...#
#.#.###.#
#...#...#
#####.###


You could see a hobgoblin.

Vanquished Creatures
  A goblin (D:1)
1 creature vanquished.

Vanquished Creatures (collateral kills)
  A goblin (D:1)
1 creature vanquished.

Grand Total: 2 creatures vanquished

Notes
Turn   | Place    | Note
-------+----------+-------------------------------------------
     0 | D:1      | Mattiprrivan the Gargoyle Wanderer began the quest for the
                  | Orb.
     0 | D:1      | Mattiprrivan set off with the following items: a +0
                  | shortbow, 24 arrows, a +0 robe; and the following spells
                  | available to memorise: Sandblast, Summon Small Mammal,
                  | Passwall, Call Canine Familiar, Stone Arrow, Petrify, Lee's
                  | Rapid Deconstruction
     0 | D:1      | Reached XP level 1. HP: 12/12 MP: 2/2
     2 | D:1      | Learned a level 1 spell: Summon Small Mammal
   141 | D:1      | Slain by a hobgoblin

Illustrated notes

Levels and vault maps discovered:
D:1:      sevenhm_arrival_forest_fort_small_6, layout_basic

Action                   || total
-------------------------++-------
 Fire: Shortbow          ||    16
 Cast: Summon Small Mamm ||     2
Armor: Robe              ||     2
Dodge: Dodged            ||     4
